 Dungeon Crawl Stone Soup version 0.30.1-3-gfc49f6343a (webtiles) character file.

Game seed: 12175947857614014527

23 jtron the Grave Robber (level 2, 0/19 HPs)
             Began as a Mummy Necromancer on Aug 7, 2023.
             Slain by a bat (1 damage)
             ... on level 1 of the Dungeon.
             The game lasted 00:02:50 (751 turns).

jtron the Grave Robber (Mummy Necromancer)           Turns: 751, Time: 00:02:51

Health: 0/19       AC:  4    Str: 11    XL:     2   Next: 75%
Magic:  1/6        EV: 12    Int: 14    God:
Gold:   37         SH:  0    Dex: 12    Spells: 6/7 levels left

rFire   x . .        c - +1 dagger (drain)
rCold   + . .        (no shield)
rNeg    + + +        a - +0 robe
rPois   ∞            b - +0 helmet
rElec   .            (no cloak)
rCorr   .            (no gloves)
SInv    .            h - +0 pair of boots
Will    .....        (no amulet)
Stlth   ++           (no ring)
HPRegen 0.23/turn    (no ring)
MPRegen 0.10/turn

%: faith
@: no status effects
A: cold resistance 1, negative energy resistance 3, torment resistance 2, heat
vulnerability 1, no potions, faith
a: no special abilities


You were on level 1 of the Dungeon.
You visited 1 branch of the dungeon, and saw 1 of its levels.

You collected 37 gold pieces.

Inventory:

Hand Weapons
 c - a +1 dagger of draining (weapon)
Missiles
 f - 3 stones
Armour
 a - a +0 robe (worn)
 b - a +0 helmet (worn)
 h - a +0 pair of boots (worn)
Scrolls
 d - a scroll of magic mapping


   Skills:
 * Level 0.2 Short Blades
 + Level 1.6 Dodging
 + Level 1.6 Stealth
 + Level 3.0 Spellcasting
 + Level 4.6 Necromancy


You had 6 spell levels left.
You knew the following spells:

 Your Spells              Type           Power      Damage    Failure   Level
a - Necrotise             Necr           56%        1d6       3%          1

Your spell library contained the following spells:

 Spells                   Type           Power      Damage    Failure   Level
 Vampiric Draining        Necr           14%        2d7       10%         3
 Animate Dead             Necr           14%        N/A       32%         4
 Agony                    Necr           14%        N/A       65%         5
 Animate Armour           Summ/Erth      4%         N/A       91%         4
 Iron Shot                Conj/Erth      1%         9d1       100%        6
 Blade Hands              Tmut           Unusable   N/A       N/A         5

Dungeon Overview and Level Annotations

Branches:
Dungeon (1/15)

Altars:


Innate Abilities, Weirdness & Mutations

You are immune to poison.
Your flesh is cold resistant. (rC+)
You are immune to negative energy. (rN+++)
You are immune to unholy pain and torment.
You are vulnerable to heat. (rF-)
You do not drink.
You have a special connection with the divine. (Faith)


Message History

The kobold hits you with a +0 short sword.
Your rat skeleton closely misses the kobold.
You hit the kobold. You drain the kobold.
The kobold is severely wounded.
The jackal bites you but does no damage.
The kobold hits you with a +0 short sword.
Something hits your rat skeleton.
Your rat skeleton is destroyed!
You closely miss the kobold.
The kobold is severely wounded.
The jackal misses you. The kobold closely misses you. The jackal misses you.
You hit the kobold but do no damage.
The kobold is severely wounded.
The jackal barely misses you.
The kobold hits you with a +0 short sword.
* * * LOW HITPOINT WARNING * * *
You closely miss the kobold.
The kobold is severely wounded.
The jackal bites you but does no damage.
The kobold hits you with a +0 short sword.
* * * LOW HITPOINT WARNING * * *
The jackal bites you but does no damage.
You closely miss the jackal.
The jackal is severely wounded.
The kobold hits you with a +0 short sword.
* * * LOW HITPOINT WARNING * * *
The jackal bites you but does no damage.
You barely miss the kobold.
The kobold is severely wounded.
The jackal closely misses you. The kobold barely misses you.
You hit the kobold but do no damage.
The kobold is severely wounded.
The jackal bites you but does no damage.
The kobold hits you with a +0 short sword.
* * * LOW HITPOINT WARNING * * *
The jackal bites you but does no damage.
You hit the jackal.
You kill the jackal!
The bat hits you.
You die...

# ..$......# #...## ..
#.....##.######...## .
.#.....##.##.........
..
..)..................
... #hZ#.##.##.........
...##.K.....######...##
....b.Z§§§..# ###...##
####§###§#### #.......
#...§b@KK# #.#...#.
#.##§##### #.....##. ..
#..#####. ..# #..#.....
## ############..###.
#.......##<# #.
#.########.######.
#.##...#.+.'.#....
#.##.###.###.#####


You could see a bat and 2 kobolds.

Vanquished Creatures
  A ball python (D:1)
  2 bats (D:1)
  An endoplasm (D:1)
  3 goblins (D:1)
  5 hobgoblins (D:1)
  2 jackals (D:1)
  A quokka (D:1)
  A frilled lizard (D:1)
  A kobold (D:1)
  4 rats (D:1)
21 creatures vanquished.

Notes
Turn   | Place    | Note
-------+----------+-------------------------------------------
     0 | D:1      | jtron the Mummy Necromancer began the quest for the Orb.
     0 | D:1      | Reached XP level 1. HP: 13/13 MP: 4/4
   332 | D:1      | Reached XP level 2. HP: 19/19 MP: 2/5
   751 | D:1      | Slain by a bat

Illustrated notes

Levels and vault maps discovered:
D:1:      erik_arrival_triangle_small, layout_loops_cross

Skill      XL: |  1  2 |
---------------+-------+-----
Spellcasting   | 3 |  3.0
Short Blades   | |  0.2
Dodging        | |  1.6
Stealth        | |  1.6
Necromancy     | |  4.6

Action                     || total
---------------------------++-------
  Melee: Unarmed           ||     2
         Dagger            ||    18
   Cast: Necrotise         ||    37
    Use: Scroll            ||     2
 Armour: Robe              ||    33
  Dodge: Dodged            ||    43
